 Dungeon Crawl Stone Soup version 0.25-a0-167-g836c352ace (webtiles) character file.

Game seed: 11407886644789958376, levelgen mode: deterministic

1318 vurker the Scholar of Death (level 8, 0/60 HPs)
             Began as a Demonspawn Necromancer on Nov 25, 2019.
             Was a Follower of Kikubaaqudgha.
             Slain by a sky beast (5 damage)
             ... on level 6 of the Dungeon.
             The game lasted 00:16:38 (9071 turns).

vurker the Scholar of Death (DsNe)                  Turns: 9071, Time: 00:16:39

Health: 0/60       AC:  3    Str:  8      XL:     8   Next: 33%
Magic:  2/16       EV: 12    Int: 23      God:    Kikubaaqudgha [*.....]
Gold:   447        SH:  4    Dex: 10 (14) Spells: 6/18 levels left

rFire    . . .     SeeInvis .   f - +1 dagger (freeze)
rCold    . . .     Gourm    .   C - +0 buckler
rNeg     . . .     Faith    .   a - +0 robe
rPois    .         Spirit   .   o - +0 helmet
rElec    .         Reflect  .   (no cloak)
rCorr    .         Harm     .   (gloves unavailable)
MR       +....                  (no boots)
Stlth    ++........             b - amulet of rage
HPRegen  0.20/turn              j - ring of protection from magic
MPRegen  0.15/turn              u - +4 ring of intelligence

@: no status effects
A: claws 3, demonic guardian 1
a: Receive Corpses, Renounce Religion, Evoke Berserk Rage


You were on level 6 of the Dungeon.
You worshipped Kikubaaqudgha.
Kikubaaqudgha was aware of your devotion.
You were not hungry.

You visited 2 branches of the dungeon, and saw 8 of its levels.
You also visited: Sewer.

You collected 447 gold pieces.

Inventory:

Hand Weapons
 f - a +1 dagger of freezing (weapon)
   (You took it off a goblin on level 1 of the Dungeon)
Armour
 a - a +0 robe (worn)
 l - a +2 pair of gloves
   (You found it on level 2 of the Dungeon)
 o - a +0 helmet (worn)
   (You found it on level 2 of the Dungeon)
 C - a +0 buckler (worn)
   (You found it on level 3 of the Dungeon)
Jewellery
 b - an amulet of rage (around neck)
   (You found it on level 1 of the Dungeon)
 j - a ring of protection from magic (left claw)
   (You found it on level 2 of the Dungeon)
 u - a +4 ring of intelligence (right claw)
   (You found it on level 5 of the Dungeon)
Wands
 t - a wand of flame (10)
   (You found it on level 4 of the Dungeon)
 v - a wand of digging (5)
   (You found it on level 4 of the Dungeon)
 B - a wand of enslavement (1)
   (You took it off an orc wizard on level 5 of the Dungeon)
Scrolls
 h - 3 scrolls of immolation
 i - 2 scrolls of fear
 m - 2 scrolls of remove curse
 q - a scroll of brand weapon {unknown}
 r - 2 scrolls of teleportation
 y - a scroll of amnesia {unknown}
 D - 2 scrolls of blinking
 G - a scroll of random uselessness {unknown}
 J - 3 scrolls of enchant armour {unknown}
 K - a scroll of identify
Potions
 c - a potion of invisibility {unknown}
 d - a potion of resistance {unknown}
 g - 3 potions of lignification
 k - a potion of mutation {unknown}
 n - 2 potions of brilliance {unknown}
 p - a potion of magic {unknown}
 s - a potion of cancellation {unknown}
 w - 4 potions of heal wounds
 x - 2 potions of might {unknown}
 z - 8 potions of curing
 A - 2 potions of flight {unknown}
 E - a potion of agility {unknown}
 F - a potion of berserk rage {unknown}
 H - a potion of haste {unknown}
Comestibles
 e - 4 rations


   Skills:
 + Level 3.8 Fighting
 - Level 1.7 Dodging
 - Level 1.7 Stealth
 * Level 3.4 Shields
 * Level 5.7 Spellcasting
 * Level 7.9 Necromancy


You had 6 spell levels left.
You knew the following spells:

 Your Spells              Type           Power        Failure   Level  Hunger
a - Pain                  Necr           ####         1%          1    None
b - Animate Dead          Necr           N/A          3%          4    ###....
c - Vampiric Draining     Necr           #####.....   1%          3    #......
d - Animate Skeleton      Necr           N/A          1%          1    None
q - Regeneration          Chrm/Necr      ###.......   5%          3    #......

Your spell library contained the following spells:

 Spells                   Type           Power        Failure   Level  Hunger
 Sublimation of Blood     Necr           #####.....   1%          2    None


Dungeon Overview and Level Annotations

Branches:
Dungeon (7/15)             Temple (1/1) D:4           Sewer (visited)

Altars:
Ashenzari
Elyvilon
Kikubaaqudgha
Makhleb
Qazlal
Ru
Trog
Uskayaw
Vehumet
Wu Jian
Xom
Zin


Innate Abilities, Weirdness & Mutations

You have claws for hands.
A weak demonic guardian rushes to your aid.


Message History

You barely miss something.
The kobold hits your iron imp but does no damage.
Something hits you. Something shocks you.
You hit the kobold but do no damage. The kobold hits you.
Your iron imp barely misses the kobold.
The kobold hits your iron imp. Something hits you. Something shocks you.
* * * LOW HITPOINT WARNING * * *
The kobold hits your iron imp.
Your iron imp closely misses the kobold.
You see here a stone.
The kobold closely misses your iron imp.
Your iron imp hits the kobold.
The kobold dies!
Kikubaaqudgha accepts your kill.
There is a stone staircase leading up here.
The kobold barely misses you. Something hits you but does no damage.
You climb upwards.
Reactivating autopickup.
There is a stone staircase leading down here.
You hit the kobold but do no damage. The kobold misses you.
A sky beast appears from thin air!
The sky beast hits you.
* * * LOW HITPOINT WARNING * * *
The sky beast shocks you.
* * * LOW HITPOINT WARNING * * *
Aim: a sky beast (rain)
You feel life coursing into your body. The kobold hits you.
* * * LOW HITPOINT WARNING * * *
The sky beast hits you.
* * * LOW HITPOINT WARNING * * *
The sky beast shocks you.
* * * LOW HITPOINT WARNING * * *
Aim: a sky beast (moderately wounded)
The puff of flame hits the sky beast.
The kobold barely misses you.
The sky beast flickers out of sight!
Deactivating autopickup; reactivate with Ctrl-A.
Something hits you.
* * * LOW HITPOINT WARNING * * *
Something shocks you.
* * * LOW HITPOINT WARNING * * *
Your shadow imp barely misses the kobold.
Aim: a kobold (chance to defeat MR: 63%)
The kobold is charmed.
Something hits you.
* * * LOW HITPOINT WARNING * * *
Something shocks you.
You die...
Kikubaaqudgha rasps: "You have failed me!
Welcome... death!"

##..........)..........###..#....
.....).........[...##.......#....
...#......................##.....
#..<.........."...........##..#..
#......###........##......#####..
.........##...............# ##.
#.............5.#.)....#.## ##
#..............K....[..### #
........##.....{@#....##
........#...##.####...#
....#.......#### #####
.....#..#..[.# #...#####....#
##### ###..# ####


You could see a friendly shadow imp and a friendly kobold.

Vanquished Creatures
  Sigmund (D:6)
  An ogre (D:6)
  A big kobold (D:7)
  A gnoll sergeant (D:6)
  A scorpion (D:4)
  A crimson imp (D:5)
  A hound (D:6)
  An orc priest (D:5)
  2 gnoll shamans
  2 orc wizards (D:5)
  Natasha (thrice) (D:4)
  3 worker ants
  6 gnolls
  7 adders
  6 river rats (Sewer)
  3 oozes
  An adder skeleton (D:5)
  A worm (D:3)
  A dart slug (D:2)
  A leopard gecko (D:4)
  3 orcs (D:4)
  4 bats
  3 giant cockroaches
  5 goblins (D:1)
  7 jackals
  27 kobolds
  3 quokkas
  5 ball pythons
  3 frilled lizards
  2 leopard gecko skeletons (D:5)
  19 rats
125 creatures vanquished.

Vanquished Creatures (collateral kills)
  A sky beast (D:6)
  An ogre (D:5)
  A big kobold (Sewer)
  A howler monkey (D:6)
  3 crimson imps
  A quasit (D:6)
  A hound (D:5)
  A centaur skeleton (D:3)
  A hound skeleton (D:6)
  4 gnolls
  4 river rats (Sewer)
  A giant cockroach (D:1)
  A jackal (D:1)
  2 kobolds
  A ball python (Sewer)
  A bat (D:2)
  3 rats (Sewer)
28 creatures vanquished.

Grand Total: 153 creatures vanquished

Notes
Turn   | Place    | Note
-------+----------+-------------------------------------------
     0 | D:1      | vurker the Demonspawn Necromancer began the quest for the
                  | Orb.
     0 | D:1      | Reached XP level 1. HP: 13/13 MP: 3/3
   329 | D:1      | Gained mutation: A weak demonic guardian rushes to your
                  | aid. [demonic ancestry]
   329 | D:1      | Reached XP level 2. HP: 19/20 MP: 1/5
   373 | D:1      | Learned a level 1 spell: Animate Skeleton
  1077 | D:1      | Gained mutation: You have sharp fingernails. [demonic
                  | ancestry]
  1077 | D:1      | Reached XP level 3. HP: 16/25 MP: 2/6
  1085 | D:1      | Reached skill level 1 in Fighting
  1746 | D:1      | Learned a level 3 spell: Vampiric Draining
  1939 | D:2      | Reached skill level 5 in Necromancy
  2254 | D:2      | Found a faded altar of an unknown god.
  2765 | D:3      | Reached XP level 4. HP: 17/32 MP: 4/8
  2807 | D:3      | Found a glowing drain.
  2836 | Sewer    | Entered a sewer
  2841 | Sewer    | Learned a level 3 spell: Regeneration
  3451 | Sewer    | Reached XP level 5. HP: 21/38 MP: 2/10
  3974 | Sewer    | Reached skill level 6 in Necromancy
  4420 | D:3      | Learned a level 4 spell: Animate Dead
  4640 | D:3      | Reached XP level 6. HP: 44/44 MP: 10/12
  5187 | D:4      | Noticed Natasha
  5193 | D:4      | Killed Natasha
  5301 | D:4      | Noticed Natasha
  5305 | D:4      | Killed Natasha
  5349 | D:4      | Noticed Natasha
  5357 | D:4      | Killed Natasha
  5491 | D:4      | Found a staircase to the Ecumenical Temple.
  5497 | Temple   | Entered the Ecumenical Temple
  5581 | Temple   | Became a worshipper of Kikubaaqudgha
  5972 | D:4      | Reached skill level 1 in Shields
  6266 | D:4      | Gained mutation: You have very sharp fingernails. [demonic
                  | ancestry]
  6266 | D:4      | Reached XP level 7. HP: 40/51 MP: 5/13
  6597 | D:5      | Entered Level 5 of the Dungeon
  6702 | D:5      | Found an ornate altar of the Wu Jian Council.
  7119 | D:5      | Reached skill level 7 in Necromancy
  7220 | D:5      | Reached * piety under Kikubaaqudgha
  7220 | D:5      | Identified Kikubaaqudgha's Catalogue of Evil (Kikubaaqudgha
                  | gifted it to you on level 5 of the Dungeon)
  7220 | D:5      | Received a gift from Kikubaaqudgha
  7498 | D:6      | Reached skill level 5 in Spellcasting
  7502 | D:6      | Noticed Sigmund
  7784 | D:6      | Killed Sigmund
  7790 | D:6      | Gained mutation: You have claws for hands. [demonic
                  | ancestry]
  7790 | D:6      | Reached XP level 8. HP: 36/58 MP: 3/16
  8804 | D:6      | Found a radiant altar of Vehumet.
  8806 | D:6      | Found a bloodstained altar of Trog.
  8807 | D:6      | Found a shimmering altar of Xom.
  8807 | D:6      | Found a sacrificial altar of Ru.
  9071 | D:6      | Slain by a sky beast

Levels and vault maps discovered:
D:1:      nicolae_arrival_memento_mori, layout_basic
D:2:      layout_basic, chequers_ecumenical_altar_simple
D:3:      layout_loops_ring, first_ration, cheibrodos_sewer_entry_drain
D:4:      layout_basic, minmay_temple_entry_waves, minmay_box_of_dots,
          uniq_natasha
D:5:      layout_basic, overflow_temple_1_default
D:6:      layout_cave_pools, grunt_temple_overflow_open, uniq_sigmund
D:7:      lemuel_bear_cage, layout_cave_pools, serial_park, serial_park_tiny_1,
          serial_park_tiny_1, serial_park_tiny_pond, serial_shops,
          nicolae_shop_behind_doors
Temple:   minmay_temple_forest_path

Skill      XL: |  1  2  3  4  5  6  7  8 |
---------------+-------------------------+-----
Fighting       | 1 2 3 |  3.8
Necromancy     | 5 6 7 |  7.9
Spellcasting   | 3 4 5 |  5.7
Shields        | 1 2 3 |  3.4
Dodging        | |  1.7
Stealth        | |  1.7

Action                   |  1- 3 |  4- 6 |  7- 9 || total
-------------------------+-------+-------+-------++-------
Melee: Unarmed           |     5 |       |       ||     5
       Dagger            |    17 |    86 |   186 ||   289
 Cast: Pain              |    58 |   128 |    46 ||   232
       Animate Skeleton  |     9 |    11 |     1 ||    21
       Regeneration      |       |     4 |       ||     4
       Vampiric Draining |       |     4 |    13 ||    17
       Animate Dead      |       |       |     4 ||     4
 Abil: Evoke Berserk Rag |     1 |       |       ||     1
Evoke: Wand              |       |       |     5 ||     5
  Use: Scroll            |       |     7 |     4 ||    11
       Potion            |       |       |     1 ||     1
 Stab: Sleeping          |       |     1 |     4 ||     5
       Distracted        |       |     1 |       ||     1
  Eat: Chunk             |     7 |     8 |     8 ||    23
       Ration            |       |     1 |     1 ||     2
Armor: Robe              |     6 |    43 |    88 ||   137
Dodge: Dodged            |    20 |   117 |   155 ||   292
Block: Buckler           |       |       |    46 ||    46

Table legend:
 A = Non-vault XP
 B = Vault XP
 C = Vault XP percentage of total XP
 D = Non-vault monster count
 E = Vault monster count
 F = Vault count percentage of total count
                 A         B        C        D         E       F
            +---------+---------+-------+---------+---------+-------
      Total |    1371 |     512 |  27.2 |      98 |      55 |  35.9
            +---------+---------+-------+---------+---------+-------
        D:1 |      47 |       0 |   0.0 |      21 |       0 |   0.0
        D:2 |      30 |       0 |   0.0 |      11 |       0 |   0.0
        D:3 |      52 |       4 |   7.1 |      11 |       3 |  21.4
        D:4 |     261 |     123 |  32.0 |      18 |       3 |  14.3
        D:5 |     299 |       0 |   0.0 |      14 |       0 |   0.0
        D:6 |     580 |     126 |  17.8 |      17 |       1 |   5.6
        D:7 |     102 |       0 |   0.0 |       6 |       0 |   0.0
      Sewer |       0 |     259 | 100.0 |       0 |      48 | 100.0
            +---------+---------+-------+---------+---------+-------
